 Dungeon Crawl Stone Soup version 0.28.0-53-g5a82cb258f (webtiles) character file.

Game seed: 15949518484183191848

55 Zeld the Digger (level 3, -10/19 HPs)
             Began as a Gargoyle Earth Elementalist on June 2, 2022.
             Killed by divine providence
             ... invoked by an orc priest
              (15 damage)
             ... on level 3 of the Dungeon.
             The game lasted 00:02:32 (1993 turns).

Zeld the Digger (Gargoyle Earth Elementalist)       Turns: 1993, Time: 00:02:33

Health: -10/19     AC:  5    Str: 11    XL:     3   Next: 93%
Magic:  7/7        EV: 11    Int: 17    God:
Gold:   129        SH:  0    Dex: 10    Spells: 1/7 levels left

rFire   . . .      SeeInvis .   (no weapon)
rCold   . . .      Faith    .   (no shield)
rNeg    + . .      Spirit   .   b - +0 robe
rPois   ∞          Reflect  .   (no helmet)
rElec   +          Harm     .   (no cloak)
rCorr   .          Rampage  .   (no gloves)
Will    .....                   (no boots)
Stlth   ++........              a - amulet of magic regeneration
HPRegen 0.06/turn               (no ring)
MPRegen 0.50/turn               (no ring)

@: no status effects
A: sickness immunity, AC +3, negative energy resistance 1, electricity
resistance, torment resistance 1, petrification resistance
a: no special abilities


You were on level 3 of the Dungeon.
You visited 1 branch of the dungeon, and saw 3 of its levels.

You collected 129 gold pieces.

Inventory:

Missiles
 i - 14 arrows
Armour
 b - a +0 robe (worn)
Jewellery
 a - an amulet of magic regeneration (around neck)
Scrolls
 d - a scroll of teleportation {unknown}
 e - a scroll of noise {unknown}
 f - 2 scrolls of summoning {unknown}
 g - a scroll of immolation {unknown}
 h - 2 scrolls of identify {unknown}
Potions
 c - a potion of degeneration {unknown}
 j - a potion of resistance {unknown}
 k - a potion of invisibility {unknown}
 l - a potion of curing {unknown}


   Skills:
 - Level 1.5 Dodging
 - Level 2.1 Stealth
 * Level 2.8 Spellcasting
 + Level 1.4 Transmutations
 * Level 4.5 Earth Magic


You had one spell level left.
You knew the following spells:

 Your Spells              Type           Power      Damage    Failure   Level
a - Sandblast             Erth           36%        2d10      2%          1
b - Passwall              Tmut/Erth      10%        N/A       8%          2
c - Stone Arrow           Conj/Erth      20%        3d8       21%         3

Your spell library contained the following spells:

 Spells                   Type           Power      Damage    Failure   Level
 Petrify                  Tmut/Erth      12%        N/A       45%         4


Dungeon Overview and Level Annotations

Branches:
Dungeon (3/15)

Altars:
The Shining One


Innate Abilities, Weirdness & Mutations

You are immune to sickness and miasma.
Your stone body is resilient. (AC +3)
You are immune to poison.
You resist negative energy. (rN+)
You are resistant to electric shocks. (rElec)
You are resistant to unholy torment.
You are immune to petrification.


Message History

Unknown command.
The orc priest looks encouraged for a moment.
The orc throws a boomerang.
The boomerang closely misses you.
You climb upwards.
There is a stone staircase leading down here.
You start resting.
Your magical contamination has completely faded away.
You start resting.
Magic restored.
You climb downwards.
The orc hits you with a +0 club. x2
There is a stone staircase leading up here.
The orc hits you but does no damage.
You climb upwards.
There is a stone staircase leading down here.
Casting: Stone Arrow (potentially lethal; 22% risk of failure)
Confirm with . or Enter, or press ? or * to list all spells.
The spell is potentially lethal to miscast (22% risk of failure)!
Continue anyway?
Aiming: Stone Arrow (potentially lethal; 22% risk of failure)
Press: ? - help, Shift-Dir - straight line, f - orc
Aim: an orc, wielding a +0 club (68% to hit)
The stone arrow hits the orc!!
You kill the orc!
Unknown command.
You start resting.
Magic restored.
You start resting.
HP restored.
Done exploring.
Done exploring.
Done exploring.
You climb downwards.
The orc priest calls down the wrath of Beogh upon you.
Beogh smites you!
Ouch! That really hurt!
The orc throws a boomerang.
The boomerang hits you.
* * * LOW HITPOINT WARNING * * *
The orc priest mumbles some strange prayers to Beogh against you.
Beogh smites you!
Ouch! That really hurt!
You die...

###
#..
#.#
#.#
#.#
#.#
#@#
#o#
#)#


o.o ... ##### You could see 2 orc priests and an orc.

Vanquished Creatures
  2 worms (D:2)
  2 dart slugs (D:2)
  2 orcs
  4 endoplasms
  4 giant cockroaches
  2 goblins
  4 hobgoblins
  4 jackals
  4 quokkas
  A ball python (D:2)
  2 bats
  A frilled lizard (D:2)
  3 kobolds
  3 rats
38 creatures vanquished.

Notes
Turn   | Place    | Note
-------+----------+-------------------------------------------
     0 | D:1      | Zeld the Gargoyle Earth Elementalist began the quest for
                  | the Orb.
     0 | D:1      | Reached XP level 1. HP: 10/10 MP: 3/3
   104 | D:1      | Reached skill level 1 in Transmutations
   104 | D:1      | Reached XP level 2. HP: 15/15 MP: 3/5
   201 | D:1      | Reached skill level 4 in Earth Magic
   286 | D:1      | Learned a level 2 spell: Passwall
   358 | D:1      | Found a faded altar of an unknown god.
   980 | D:2      | Reached XP level 3. HP: 19/19 MP: 2/6
  1008 | D:2      | Learned a level 3 spell: Stone Arrow
  1036 | D:2      | Found a glowing golden altar of the Shining One.
  1993 | D:3      | Killed from afar by an orc priest

Illustrated notes

Levels and vault maps discovered:
D:1:      giann_forest_graveyard, layout_basic,
          hellmonk_ecumenical_altar_inner_sanctum, minmay_domino_2
D:2:      layout_basic, basic_altar
D:3:      minmay_razor_zed, layout_basic, lemuel_crystal_altar

Skill      XL: |  1  2 |
---------------+-------+-----
Transmutations | 1 |  1.4
Earth Magic    | 4 |  4.5
Dodging        | |  1.5
Stealth        | |  2.1
Spellcasting   | |  2.8

Action                   || total
-------------------------++-------
Melee: Unarmed           ||    19
       Punch             ||     1
 Cast: Sandblast         ||    36
       Stone Arrow       ||    15
Armor: Robe              ||     6
Dodge: Dodged            ||    20
